AoeStats
← ITA | Raffy

Coastal Forest

503191904Analyzed
4v4 RM · 1mo ago on Aug 30, 2026· 8m 35s· 8 players
Game mode
Random Map
Map size
Large (8 player)
Population
200
Speed
Normal
Resources
Standard
Victory
Conquest
Starting age
Dark Age
Ending age
Imperial Age
RankedLock teamsTeams togetherTeam positionsShared explorationLock speedFull tech treeHidden civsTurbo modeCheats
Victory
Defeat
🇱🇰 Teutons · Sri Lanka
1425
+14
🇲🇽 Ethiopians · Mexico
1383
+16
🇮🇹 Magyars · Italy
1382
+16
🇦🇷 Hindustanis · Argentina
1349
+17
🇸🇪 Persians · Sweden
1447
-19
🇻🇳 Japanese · Vietnam
1383
-16
🇨🇳 Britons · China
1351
-14
🇹🇼 Georgians · Taiwan
1340
-14
Seifer
2:52 Loom
8:51 Feudal Age
TeWs
7:16 Loom
9:42 Feudal Age
PunchiMan
9:07 Feudal Age
ITA | Raffy
6:34 Loom
9:22 Feudal Age
Ak-guy
y3imy3
5:08 Loom
9:45 Feudal Age
Weiwei
Spartacus
7:26 Loom
10:22 Feudal Age
Connection lost

Rejoining the realm…

Still unreachable

The connection could not be restored.

Session expired

The server has moved on; the page needs a fresh start.